 Dungeon Crawl Stone Soup version 0.29.1-1-gd02db6906a (webtiles) character file.

Game seed: 14856285881724714593

60 RascalDebosk the Magician (level 4, 0/33 HPs)
             Began as a Djinni Air Elementalist on Oct 22, 2022.
             Slain by a lemure (4 damage)
             ... led by Pikel
             ... on level 3 of the Dungeon.
             The game lasted 00:09:37 (2992 turns).

RascalDebosk the Magician (Djinni Air Elementalist) Turns: 2992, Time: 00:09:38

Health: 0/33       AC:  3    Str:  7    XL:     4   Next: 25%
Gold:   144        EV: 12    Int: 18    God:
                   SH:  0    Dex: 14

rFire   + + .      SeeInvis .   c - +2 spear (vorpal)
rCold   x . .      Faith    .   (no shield)
rNeg    + . .      Spirit   .   s - +1 robe {rN+}
rPois   ∞          Reflect  .   (no helmet)
rElec   .          Harm     .   (no cloak)
rCorr   .          Rampage  .   (no gloves)
Will    .....                   (boots unavailable)
Stlth   ++........              (no amulet)
HPRegen 0.11/turn               (no ring)
MPRegen 0.00/turn               (no ring)

@: flying
A: sickness immunity, fire resistance 2, cold vulnerability 1, float, innate
caster, HP casting, extra vitality 1
a: no special abilities


You were on level 3 of the Dungeon.
You visited 1 branch of the dungeon, and saw 4 of its levels.

You collected 144 gold pieces.

Inventory:

Hand Weapons
 c - a +2 vorpal spear (weapon)
Armour
 a - a +0 robe
 s - a +1 robe of positive energy (worn)
Magical Staves
 h - a staff of poison
Scrolls
 b - 3 scrolls of noise {unknown}
 f - a scroll of fear {unknown}
 g - a scroll of teleportation {unknown}
 j - 6 scrolls of identify {unknown}
 l - 2 scrolls of butterflies {unknown}
 n - a scroll of poison {unknown}
 p - a scroll of enchant weapon {unknown}
 q - a scroll of torment {unknown}
Potions
 d - 3 potions of heal wounds {unknown}
 e - a potion of haste {unknown}
 i - a potion of mutation {unknown}
 k - a potion of degeneration {unknown}
 m - a potion of flight {unknown}
 o - a potion of brilliance {unknown}
 r - a potion of lignification {unknown}


   Skills:
 + Level 1.7 Fighting
 - Level 2.1 Dodging
 - Level 1.5 Stealth
 * Level 3.4 Spellcasting


You couldn't memorise any spells.
You knew the following spells:

 Your Spells              Type           Power      Damage    Failure   Level
a - Shock                 Conj/Air       60%        1d6       3%          1
b - Static Discharge      Conj/Air       15%        3-5/arc   6%          2
c - Swiftness             Air            15%        N/A       12%         3
d - Airstrike             Air            7%         2d(2-18)  36%         4
e - Beastly Appendage     Tmut           30%        N/A       3%          1
Your spell library was empty.

Dungeon Overview and Level Annotations

Branches:
Dungeon (4/15)
 Temple: D:4-7

Altars:

Shops:
D:2 (

Annotations:
D:4 Pikel


Innate Abilities, Weirdness & Mutations

You are immune to sickness and miasma.
You are immune to poison.
Your flesh is very heat resistant. (rF++)
You are vulnerable to cold. (rC-)
You float through the air rather than walking.
You learn spells naturally, not from books.
Your magical power is your life essence.
You have superior vitality. (+4 MHP)


Message History

The zap hits the adder.
You kill the adder!
You have reached level 4!
You feel agile.
Your magical contamination has completely faded away.
o - a cyan potion You now have 123 gold pieces (gained 6).
An endoplasm comes into view.
An endoplasm is nearby!
Aiming: Shock (safe; 4% risk of failure)
Press: ? - help, Q - select action, (/) - cycle Shift-Dir - straight line, f - endoplasm
Aim: an endoplasm (asleep, 100% to hit)
The zap hits the endoplasm.
You kill the endoplasm!
Found a stone staircase leading up.
d - 3 smoky ruby potions (gained 1)
p - a scroll labelled DOGRIG XEMA
q - a scroll labelled ASEQAT NYATE You now have 131 gold pieces (gained 8).
A bat comes into view.
The bat misses you. The bat barely misses you.
A bat is nearby!
Aiming: Shock (safe; 4% risk of failure)
Press: ? - help, Q - select action, (/) - cycle Shift-Dir - straight line The zap hits the bat.
You kill the bat!
A kobold comes into view.
It is wielding a +2 short sword of draining.
A kobold is nearby!
Aiming: Shock (safe; 4% risk of failure)
Press: ? - help, Q - select action, (/) - cycle Shift-Dir - straight line The zap hits the kobold.
The kobold is moderately wounded.
The zap hits the kobold.
You kill the kobold!
Aiming: Shock (safe; 3% risk of failure)
Press: ? - help, Q - select action, (/) - cycle Shift-Dir - straight line, f - you
Okay, then.
r - a sedimented emerald potion You see here a +2 short sword of draining.
You see here a +2 short sword of draining.
You now have 140 gold pieces (gained 9).
You see here a +1 robe of positive energy.
s - a +1 robe of positive energy You start removing your armour.
You continue taking off your +0 robe. x4
You finish taking off your +0 robe.
You start putting on your armour.
You continue putting on your +1 robe of positive energy. x5
You finish putting on your +1 robe of positive energy.
You feel more protected from negative energy.
You now have 144 gold pieces (gained 4).
Done exploring.
Done exploring.
Done exploring.
There is a stone staircase leading down here.
You fly downwards.
Pikel shouts!
The lemure shouts! x3
There is a stone staircase leading up here.
Aiming: Shock (safe; 3% risk of failure)
Press: ? - help, Q - select action, (/) - cycle Shift-Dir - straight line, f - Pikel
Aim: Pikel, wielding a +1 whip of flaming and wearing a +0 robe (64% to hit)
The zap misses the lemure.
The zap hits the lemure but does no damage.
The zap hits Pikel.
Pikel is lightly wounded.
The lemure hits you!
You fly upwards.
There is a stone staircase leading down here.
Casting: Shock (safe; 3% risk of failure)
Confirm with . or Enter, or press ? or * to list all spells.
The lemure is struck by an arc of lightning!
The lemure is moderately wounded.
You are struck by an arc of lightning.
The lightning grounds out.
The lemure hits you!
* * * LOW HITPOINT WARNING * * *
Casting: Static Discharge (safe; 6% risk of failure)
Confirm with . or Enter, or press ? or * to list all spells.
The lemure is struck by an arc of lightning.
The lemure is heavily wounded.
You are struck by an arc of lightning.
* * * LOW HITPOINT WARNING * * *
The lemure is struck by an arc of lightning!
The lemure is severely wounded.
You are struck by an arc of lightning.
* * * LOW HITPOINT WARNING * * *
The lightning grounds out.
* * * LOW HITPOINT WARNING * * *
The lemure barely misses you.
Aiming: Shock (safe; 3% risk of failure)
Press: ? - help, Q - select action, (/) - cycle Shift-Dir - straight line, f - lemure
Aim: a lemure (severely wounded, 64% to hit)
The zap misses the lemure.
* * * LOW HITPOINT WARNING * * *
The lemure barely misses you.
Aiming: Shock (safe; 3% risk of failure)
Press: ? - help, Q - select action, (/) - cycle Shift-Dir - straight line, f/p - lemure
Aim: a lemure (severely wounded, 64% to hit)
The zap misses the lemure.
* * * LOW HITPOINT WARNING * * *
The lemure hits you.
You die...

##.# ##.#..#... #..#
#.###.....
###.########.#...#..
#...................
#.#.#######.........
#.#.# #.###....#
#.#.# #.# #.....
#.#5# #.###.###.
#.#@# #.....# #.
#.#.# #####.###.
#.#.# #.....
#.#.##### ###.##
#.#.#...# #.#
#.#...#.# #.#
########.###..<# #.#
#....)...# ##.## #.#
#.######## #.# #.#


You could see a lemure.

Vanquished Creatures
  2 adders
  A worm (D:2)
  An orc (D:2)
  4 ball pythons
  6 bats
  3 endoplasms
  2 giant cockroaches
  5 kobolds
  A quokka (D:3)
  3 frilled lizards (D:1)
  4 goblins
  6 rats
38 creatures vanquished.

Notes
Turn   | Place    | Note
-------+----------+-------------------------------------------
     0 | D:1      | RascalDebosk the Djinni Air Elementalist began the quest
                  | for the Orb.
     0 | D:1      | RascalDebosk set off with the following spells memorised:
                  | Shock, Static Discharge, Swiftness, Airstrike.
     0 | D:1      | Reached XP level 1. HP: 15/15 MP: 0/0
   326 | D:1      | Reached XP level 2. HP: 18/22 MP: 0/0
   928 | D:2      | Reached skill level 1 in Fighting
  1114 | D:2      | Reached XP level 3. HP: 24/27 MP: 0/0
  1114 | D:2      | Learned a level 1 spell: Beastly Appendage
  1121 | D:2      | Reached skill level 3 in Spellcasting
  1517 | D:2      | Found a faded altar of an unknown god.
  1685 | D:2      | Found Seonipt's Weapon Boutique.
  2589 | D:3      | Reached XP level 4. HP: 22/33 MP: 0/0
  2985 | D:4      | Noticed Pikel
  2985 | D:4      | Noticed a lemure
  2985 | D:4      | Noticed a lemure
  2985 | D:4      | Noticed a lemure
  2985 | D:4      | Noticed a lemure
  2992 | D:3      | Slain by a lemure

Illustrated notes

Levels and vault maps discovered:
D:1:      minmay_arrival_loop, layout_basic
D:2:      layout_basic, shapermc_ecumenical_altar_acropolis, serial_shops, shop
D:3:      layout_loops_ring
D:4:      layout_rooms, xom_redecorated, mainiacjoe_overflow_boulevard,
          nzn_wu_jian_contemplation, nicolae_figureground_sparkle, uniq_duvessa,
          uniq_pikel

Skill      XL: |  1  2  3 |
---------------+----------+-----
Fighting       | 1 |  1.7
Spellcasting   | 3 |  3.4
Dodging        | |  2.1
Stealth        | |  1.5

Action                   |  1- 3 |  4- 6 || total
-------------------------+-------+-------++-------
Melee: Spear             |     3 |       ||     3
 Cast: Shock             |    75 |     6 ||    81
       Static Discharge  |     1 |     2 ||     3
Dodge: Dodged            |     8 |     4 ||    12
